 Dungeon Crawl Stone Soup version 0.24.0-1-gfbc8707122 (webtiles) character file.

Game seed: 16382011185743080333, levelgen mode: deterministic

93 theanonym the Cudgeler (level 4, 0/35 HPs)
             Began as a Mummy Fighter on Oct 26, 2019.
             Slain by an orc priest
             ... wielding a +0 flail
              (6 damage)
             ... on level 3 of the Dungeon.
             The game lasted 00:01:37 (2100 turns).

theanonym the Cudgeler (Mummy Fighter)              Turns: 2100, Time: 00:01:38

Health: 0/35       AC:  7    Str: 20    XL:     4   Next: 37%
Magic:  4/4        EV:  7    Int:  7    God:
Gold:   28         SH:  8    Dex: 11    Spells: 3/3 levels left

rFire    x . .     SeeInvis .   a - +0 flail
rCold    + . .     Gourm    .   c - +0 shield
rNeg     + + +     Faith    .   b - +0 scale mail
rPois    ∞         Spirit   .   k - +0 helmet
rElec    .         Reflect  .   (no cloak)
rCorr    .         Harm     .   (no gloves)
MR       .....                  (no boots)
Stlth    ..........             (no amulet)
HPRegen  0.11/turn              (no ring)
MPRegen  0.09/turn              (no ring)

@: no status effects
A: no food or potions, fire vulnerability, cold resistance 1, negative energy
resistance 3, torment resistance, unbreathing
a: no special abilities


Innate Abilities, Weirdness & Mutations

You do not eat or drink.
Your flesh is vulnerable to fire.
You are immune to poison.
Your flesh is cold resistant. (rC+)
You are immune to negative energy. (rN+++)
You are immune to unholy pain and torment.
You can survive without breathing.


   Skills:
 - Level 3.0 Fighting
 + Level 3.9 Maces & Flails
 - Level 2.4 Armour
 - Level 2.4 Shields


You had 3 spell levels left.
You didn't know any spells.
Your spell library was empty.

Skill      XL: |  1  2  3 |
---------------+----------+-----
Maces & Flails | 2 3 |  3.9
Fighting       | |  3.0
Armour         | |  2.4
Shields        | |  2.4

Action                   |  1- 3 |  4- 6 || total
-------------------------+-------+-------++-------
Melee: Flail             |   190 |    44 ||   234
Armor: Scale mail        |    96 |    36 ||   132
Dodge: Dodged            |    75 |    24 ||    99
Block: Shield            |    94 |    28 ||   122

Inventory:

Hand Weapons
 a - a +0 flail (weapon)
Armour
 b - a +0 scale mail (worn)
 c - a +0 shield (worn)
 k - a +0 helmet (worn)
Scrolls
 d - 2 scrolls of identify {unknown}
 e - 2 scrolls of blinking {unknown}
 f - 2 scrolls of teleportation {unknown}
 g - 2 scrolls of fear {unknown}
 h - 2 scrolls of remove curse {unknown}
 i - a scroll of amnesia {unknown}
 j - a scroll of enchant armour {unknown}
 l - a scroll of immolation {unknown}


You were on level 3 of the Dungeon.
You were not hungry.

You visited 1 branch of the dungeon, and saw 3 of its levels.

You collected 28 gold pieces.

Dungeon Overview and Level Annotations

Branches:
Dungeon (3/15)

Altars:

### ###### #..
.... #.# #.. #.#
#.######..
##.#####@<.......
#......oo...###..
# #..###.#.####
#.##..###.#.#
#.!.........#
####..###.###
#!..##.# #.#o##.#
...........#


You could see an orc priest and an orc.

Notes
Turn   | Place    | Note
-------+----------+-------------------------------------------
     0 | D:1      | theanonym the Mummy Fighter began the quest for the Orb.
     0 | D:1      | Reached XP level 1. HP: 18/18 MP: 1/1
    43 | D:1      | Reached skill level 2 in Maces & Flails
    57 | D:1      | HP: 9/18 [jackal (2)]
    61 | D:1      | HP: 4/18 [jackal (2)]
    67 | D:1      | HP: 4/18 [bat (1)]
   323 | D:1      | Reached XP level 2. HP: 20/24 MP: 2/2
   730 | D:1      | Reached XP level 3. HP: 29/29 MP: 3/3
   919 | D:2      | Reached skill level 3 in Maces & Flails
  1413 | D:2      | Reached XP level 4. HP: 31/35 MP: 4/4
  1458 | D:2      | Found a faded altar of an unknown god.
  1475 | D:2      | HP: 17/35 [kobold (1)]
  1484 | D:2      | HP: 14/35 [bat (1)]
  2098 | D:3      | HP: 16/35 [orc/+0 trident (3)]
  2099 | D:3      | HP: 6/35 [orc priest/+0 flail (3)]
  2100 | D:3      | Slain by an orc priest

Vanquished Creatures
  3 adders (D:2)
  An ooze (D:2)
  A worm (D:2)
  2 dart slugs (D:1)
  A leopard gecko (D:2)
  2 giant cockroaches
  7 goblins
  2 hobgoblins
  4 jackals (D:1)
  2 ball pythons
  9 bats
  3 frilled lizards
  12 kobolds
  7 rats
56 creatures vanquished.

Table legend:
 A = Turns spent in this place as a percentage of turns spent in the entire game.
 B = Non-inter-level travel turns spent in this place as a percentage of non-inter-level travel turns spent in the entire game.
 C = Inter-level travel turns spent in this place as a percentage of turns spent in this place.
 D = Turns resting spent in this place as a percentage of non-inter-level travel turns spent in this place.
 E = Turns spent auto-exploring this place as a percentage of non-inter-level travel turns spent in this place.
 F = Non-inter-level travel turns spent in this place divided by the number of levels of this place that you've seen.
                   A       B       C       D       E      F
               +-------+-------+-------+-------+-------+----------------------
         Total | 100.0 | 100.0 |   1.8 |  23.4 |  57.7 | 687.3
       Dungeon | 100.0 | 100.0 |   1.8 |  23.4 |  57.7 | 687.3
               +-------+-------+-------+-------+-------+----------------------
